 Dungeon Crawl Stone Soup version 0.31-a0-1469-gd420192249 (console) character file.

Game seed: 15197888454656973130

615 jejorda2 the Chopper (level 7, 0/90 HPs)
             Began as a Gnoll Berserker on Dec 28, 2023.
             Was a Believer of Trog.
             Slain by a gnoll sergeant
             ... wielding a +2 spear of freezing
              (4 damage)
             ... on level 4 of the Dungeon.
             The game lasted 00:08:33 (3891 turns).

jejorda2 the Chopper (Gnoll Berserker)              Turns: 3891, Time: 00:08:33

Health: 0/90       AC: 23    Str: 18    XL:     7   Next: 45%
Magic:  0/11       EV:  2    Int:  7    God:    Trog [**....]
Gold:   222        SH:  0    Dex: 11    Spells: 11/11 levels left

rFire   . . .        a - +0 hand axe
rCold   . . .        (no shield)
rNeg    . . .        p - melded +0 chain mail
rPois   +            (helmet currently unavailable)
rElec   .            i - melded +0 cloak
rCorr   .            (gloves currently unavailable)
SInv    .            t - melded +0 pair of boots
Will    ++...        f - amulet of guardian spirit
Stlth   ++           (no ring)
HPRegen 1.35/turn    (no ring)
MPRegen 0.12/turn

%: random rage (3%), guardian spirit
@: tree-form, strong-willed (expiring), on berserk cooldown, regenerating
(expiring), slowed, very slow
A: stationary, stasis, torment immunity, boosted hp, (fangs 1), strong nose,
distributed training, berserk 1, high MP 1
a: Renounce Religion, Berserk, Trog's Hand


You were on level 4 of the Dungeon.
You worshipped Trog.
Trog was pleased with you.
You were a tree.
You visited 1 branch of the dungeon, and saw 5 of its levels.

You collected 222 gold pieces.

Inventory:

Hand Weapons
 a - a +0 hand axe (weapon)
Missiles
 c - 3 javelins
 d - 4 datura-tipped darts
 e - 8 boomerangs
 q - 9 poisoned darts
Armour
 i - a +0 cloak (melded)
 p - a +0 chain mail (melded)
 t - a +0 pair of boots (melded)
Jewellery
 f - an amulet of guardian spirit (around neck)
Scrolls
 b - a scroll of noise {unknown}
 j - 4 scrolls of identify {unknown}
 k - 2 scrolls of amnesia {unknown}
 m - a scroll of immolation {unknown}
 n - 2 scrolls of teleportation {unknown}
 o - 3 scrolls of vulnerability {unknown}
 w - a scroll of brand weapon {unknown}
Potions
 g - a potion of lignification
 h - a potion of magic {unknown}
 l - a potion of might {unknown}
 r - 2 potions of mutation
 s - a potion of heal wounds {unknown}
 u - a potion of berserk rage {unknown}
 v - a potion of curing


   Skills:
 + Level 7.1 Fighting
 + Level 2.6 Short Blades
 + Level 2.6 Long Blades
 + Level 7.1 Axes
 + Level 2.6 Maces & Flails
 + Level 2.6 Polearms
 + Level 2.6 Staves
 + Level 2.6 Ranged Weapons
 + Level 2.6 Throwing
 + Level 5.3 Armour
 + Level 5.3 Dodging
 + Level 2.6 Stealth
 + Level 2.6 Shields
 + Level 2.6 Unarmed Combat
 + Level 2.6 Spellcasting
 + Level 2.1 Conjurations
 + Level 2.1 Hexes
 + Level 2.1 Summonings
 + Level 2.1 Necromancy
 + Level 2.1 Translocations
 + Level 2.1 Fire Magic
 + Level 2.1 Ice Magic
 + Level 2.1 Air Magic
 + Level 2.1 Earth Magic
 + Level 2.1 Alchemy
 + Level 2.9 Invocations
 + Level 2.6 Evocations
 + Level 2.3 Shapeshifting


You had 11 spell levels left.
You didn't know any spells.
Your spell library was empty.

Dungeon Overview and Level Annotations

Branches:
Dungeon (5/15)
 Temple: D:4-7

Altars:
Sif Muna

Shops:
D:4 [


Innate Abilities, Weirdness & Mutations

You are a tree.
Your roots penetrate the ground, keeping you stationary.
You cannot be teleported.
You are immune to unholy pain and torment.
Your maximum health is greatly increased.
Your equipment is partially melded.
((You have very sharp teeth.))
Your uncanny sense of smell can sniff out nearby items.
Your experience applies equally to all skills.
You sometimes lose your temper in combat.
You have an increased reservoir of magic. (+10% MP)


Message History

You are no longer poisoned.
The gnoll sergeant hits you with a +2 spear of freezing.
* * * LOW HITPOINT WARNING * * *
The gnoll sergeant freezes you.
* * * LOW HITPOINT WARNING * * *
The gnoll sergeant hits you with a +2 spear of freezing.
* * * LOW HITPOINT WARNING * * *
The gnoll sergeant freezes you.
* * * LOW HITPOINT WARNING * * *
Unknown command.
You aren't carrying any items that you can evoke.
It was a potion of lignification.
You turn into a tree.
Your +0 cloak melds into your body.
Your +0 pair of boots melds into your body.
Your +0 chain mail melds into your body.
Your roots penetrate the ground.
The gnoll sergeant hits you but does no damage.
You hit the gnoll sergeant but do no damage.
The gnoll sergeant is heavily wounded.
The gnoll sergeant hits you but does no damage.
The gnoll sergeant hits you with a +2 spear of freezing!
* * * LOW HITPOINT WARNING * * *
The gnoll sergeant freezes you.
* * * LOW HITPOINT WARNING * * *
It was a potion of mutation.
You feel extremely strange.
You feel a little pissed off.
You feel more energetic.
You feel the effects of Trog's Hand fading.
The gnoll sergeant hits you with a +2 spear of freezing.
* * * LOW HITPOINT WARNING * * *
The gnoll sergeant freezes you.
* * * LOW HITPOINT WARNING * * *
It was a potion of curing.
You feel better.
The gnoll sergeant hits you with a +2 spear of freezing.
* * * LOW HITPOINT WARNING * * *
The gnoll sergeant freezes you.
* * * LOW HITPOINT WARNING * * *
The gnoll sergeant hits you with a +2 spear of freezing!
* * * LOW HITPOINT WARNING * * *
The gnoll sergeant freezes you.
You die...

..........#....##.#####.# #.#
....###.##.######.# #.# #.#
........#### #.# #.# #.####
#.#.##### #.# #.# #<.... ###.##
##.#####.####.#### #..#
#..............# # #..#####
#....#.#####.#.# # #......#
#g##.#.......#.# # # #.####.#
#♣##.#.#...#.#.### # #.# #.#
#.##.#.#._)#.#.... #
#.####.#######.##.#.#...#.#.###
###...........##.##.#.......#.##.
......)..........##.#.#####.#.#..
###..########.#..##...........##.
###..# #.#..####..###..#####
.....# #.#..####.## #.## #
####.## #.#...##...###.#


You could see a gnoll sergeant.

Vanquished Creatures
  A black bear (D:4)
  2 bombardier beetles
  2 orc priests
  A hound (D:5)
  A sleepcap (D:4)
  2 orc wizards
  Natasha (thrice) (D:2)
  3 gnolls (D:5)
  9 adders
  2 ufetubi (D:5)
  4 worms
  2 dart slugs (D:2)
  8 orcs
  5 ball pythons
  7 bats
  9 endoplasms
  2 giant cockroaches
  3 goblins
  8 hobgoblins
  6 kobolds
  4 quokkas
  3 frilled lizards
  4 rats
91 creatures vanquished.

Notes
Turn   | Place    | Note
-------+----------+-------------------------------------------
     0 | D:1      | jejorda2 the Gnoll Berserker began the quest for the Orb.
     0 | D:1      | Reached XP level 1. HP: 23/23 MP: 1/1
    54 | D:1      | Reached XP level 2. HP: 29/29 MP: 2/2
   383 | D:1      | Reached XP level 3. HP: 35/35 MP: 3/3
   521 | D:1      | Reached ** piety under Trog
   838 | D:2      | Reached skill level 1 in Invocations
   893 | D:2      | Reached skill level 1 in Short Blades
   893 | D:2      | Reached skill level 1 in Long Blades
   893 | D:2      | Reached skill level 1 in Maces & Flails
   893 | D:2      | Reached skill level 1 in Polearms
   893 | D:2      | Reached skill level 1 in Staves
   893 | D:2      | Reached skill level 1 in Ranged Weapons
   893 | D:2      | Reached skill level 1 in Throwing
   893 | D:2      | Reached skill level 1 in Stealth
   893 | D:2      | Reached skill level 1 in Shields
   893 | D:2      | Reached skill level 1 in Unarmed Combat
   893 | D:2      | Reached skill level 1 in Spellcasting
   893 | D:2      | Reached skill level 1 in Evocations
   912 | D:2      | Noticed Natasha
   938 | D:2      | Killed Natasha
   939 | D:2      | Reached skill level 1 in Shapeshifting
   939 | D:2      | Reached XP level 4. HP: 41/41 MP: 5/5
  1017 | D:2      | Reached skill level 1 in Conjurations
  1017 | D:2      | Reached skill level 1 in Hexes
  1017 | D:2      | Reached skill level 1 in Summonings
  1017 | D:2      | Reached skill level 1 in Necromancy
  1017 | D:2      | Reached skill level 1 in Translocations
  1017 | D:2      | Reached skill level 1 in Fire Magic
  1017 | D:2      | Reached skill level 1 in Ice Magic
  1017 | D:2      | Reached skill level 1 in Air Magic
  1017 | D:2      | Reached skill level 1 in Earth Magic
  1017 | D:2      | Reached skill level 1 in Alchemy
  1230 | D:2      | Noticed Natasha
  1245 | D:2      | Killed Natasha
  1246 | D:2      | Reached XP level 5. HP: 25/47 MP: 3/7
  1465 | D:2      | Noticed Natasha
  1474 | D:2      | Killed Natasha
  1980 | D:3      | You fall into a shaft and drop 2 floors!
  1980 | D:5      | Entered Level 5 of the Dungeon
  1994 | D:5      | Reached XP level 6. HP: 37/53 MP: 4/8
  2151 | D:5      | Reached skill level 5 in Armour
  2151 | D:5      | Reached skill level 5 in Dodging
  2497 | D:4      | Found a shimmering blue altar of Sif Muna.
  3216 | D:4      | Noticed a black bear
  3220 | D:4      | Killed a black bear
  3221 | D:4      | Reached XP level 7. HP: 60/60 MP: 8/10
  3509 | D:4      | Found Hown's Antique Armour Emporium.
  3889 | D:4      | HP: 3/90 [gnoll sergeant/+2 spear of freezing (4)]
  3890 | D:4      | Gained mutation: You sometimes lose your temper in combat.
                  | [potion of mutation]
  3890 | D:4      | Gained mutation: You have an increased reservoir of magic.
                  | (+10% MP) [potion of mutation]
  3891 | D:4      | Slain by a gnoll sergeant

Illustrated notes

Levels and vault maps discovered:
D:1:      minmay_arrival_plants_in_alcoves, layout_basic, serial_park_tiny_2,
          hex_intersection, feat_on_display
D:2:      layout_basic, minmay_pentomino_v2, uniq_natasha
D:3:      layout_rooms, minmay_tree_intersection, corexii_hall_statues_u
D:4:      layout_loops_ring, mainiacjoe_overflow_cross_hatched,
          kennysheep_small_square
D:5:      layout_cave_pools, chequers_serial_rivers_micro_b

Skill      XL: |  1  2  3  4  5  6  7 |
---------------+----------------------+-----
Invocations    | 1 2 |  2.9
Short Blades   | 1 2 |  2.6
Long Blades    | 1 2 |  2.6
Maces & Flails | 1 2 |  2.6
Polearms       | 1 2 |  2.6
Staves         | 1 2 |  2.6
Ranged Weapons | 1 2 |  2.6
Throwing       | 1 2 |  2.6
Stealth        | 1 2 |  2.6
Shields        | 1 2 |  2.6
Unarmed Combat | 1 2 |  2.6
Spellcasting   | 1 2 |  2.6
Evocations     | 1 2 |  2.6
Shapeshifting  | 1 2 |  2.3
Conjurations   | 1 2 |  2.1
Hexes          | 1 2 |  2.1
Summonings     | 1 2 |  2.1
Necromancy     | 1 2 |  2.1
Translocations | 1 2 |  2.1
Fire Magic     | 1 2 |  2.1
Ice Magic      | 1 2 |  2.1
Air Magic      | 1 2 |  2.1
Earth Magic    | 1 2 |  2.1
Alchemy        | 1 2 |  2.1
Armour         | 5 |  5.3
Dodging        | 5 |  5.3
Fighting       | 7 |  7.1
Axes           | 7 |  7.1

Action                     |  1- 3 |  4- 6 |  7- 9 || total
---------------------------+-------+-------+-------++-------
  Melee: Hand axe          |    90 |   207 |    48 ||   345
         Bite              |     8 |    35 |     5 ||    48
         Punch             |       |     2 |     1 ||     3
 Invoke: Trog's Hand       |     1 |     1 |     1 ||     3
         Berserk           |     1 |     2 |     1 ||     4
    Use: Potion            |       |       |     3 ||     3
   Stab: Sleeping          |     1 |       |       ||     1
 Armour: Animal skin       |    16 |       |       ||    16
         Leather armour    |     7 |       |       ||     7
         Ring mail         |    14 |    66 |       ||    80
         Chain mail        |       |    77 |    48 ||   125
         Skin              |       |       |     6 ||     6
  Dodge: Dodged            |    55 |    89 |    24 ||   168

Table legend: (Time is in decaauts)
 A = Elapsed time spent in this place.
 B = Non-inter-level travel time spent in this place.
 C = Inter-level travel time spent in this place.
 D = Time resting spent in this place.
 E = Time spent auto-exploring this place.
 F = Levels seen in this place.
 G = Mean time per level.
                   A        B        C        D        E       F      G
               +--------+--------+--------+--------+--------+-----+--------+
         Total |   3908 |   3751 |    157 |    391 |   2586 |   5 |  781.6 |
       Dungeon |   3908 |   3751 |    157 |    391 |   2586 |   5 |  781.6 |
               +--------+--------+--------+--------+--------+-----+--------+

Top non-repeatable levels by time:
     D:2: 1115 daAuts
     D:4: 1031 daAuts
     D:1: 805 daAuts
     D:5: 556 daAuts
     D:3: 399 daAuts
